Braden Bonner, neutral male human Ranger # # -|-.------ ------ ##.........| |..<.| $ # |........| ##.....| $ ### |........| ###|....| # |........|### --|--- ### $ |........|## # $ # -----.----## # #### $ # ###` # #### # # $ ### # # ####### # # #-----|---#####[#%# #|........# --|--- $ $ #|.....<.|####.....| ###```###.........# |..(.| $ `#############%#########I###``#%#---------# |....| #`#```###[######### ------ Braden Bonner the Trailblazer Experience level: 6 Strength: 18 Dexterity: 16 Constitution: 18 Intelligence: 18 Wisdom: 18 Charisma: 12 Health: 0(50) Energy: 36(36) Def: 16 Gold: 304 Moves: 4144 Dungeon seed: __qgiEJL4UuJvRRU Game ID: Braden Bonner_1489428015 Your Inventory: Coins $ - 304 gold pieces Amulets o - an uncursed amulet versus poison Q - a blessed amulet of change Weapons a - a blessed +2 dagger b - a +1 bow (alternate weapon; not wielded) c - 51 +2 arrows (in quiver) d - 38 +0 arrows m - 11 +0 shuriken t - a +0 dagger E - a cursed +0 dagger R - a +0 elven dagger (weapon in hand) Armor e - an uncursed +2 cloak of displacement (being worn) n - a blessed greased +2 gray dragon scale mail (being worn) z - an uncursed +0 pair of high boots (being worn) Comestibles f - 3 uncursed cram rations v - an uncursed food ration Scrolls M - an uncursed scroll of earth Spellbooks A - an uncursed spellbook of cure blindness Potions I - an uncursed potion of restore ability Rings q - a cursed -1 ring of increase damage C - an uncursed ring of shock resistance Wands g - a wand of wishing (1:0) O - a wand of cancellation (0:5) P - a wand of create monster (0:14) Tools w - an uncursed tin whistle H - an uncursed leash Gems y - 2 uncursed worthless pieces of yellow glass N - an uncursed worthless piece of orange glass Spells and supernatural/magical abilities: Name Level Category Fail Memory B - cure blindness 2 healing 84% 94% W - pray for help -- divine ? -- Your skills at the end: Fighting Skills Weapon Skills dagger [Basic] bow [Basic] Spellcasting Skills Final Attributes: You were piously aligned. You were magic-protected. You had automatic searching. You were displaced. You are dead. Vanquished creatures: a rope golem 3 Woodland-elves a rock mole a yellow light 2 shriekers a violet fungus a gnomish wizard a red naga hatchling a straw golem 5 giant ants a homunculus a rothe 2 centipedes a monkey a dwarf zombie an iguana 2 killer bees an acid blob 3 coyotes 3 gas spores 6 manes 2 hobgoblins 2 giant rats 3 cave spiders 3 yellow molds 2 green molds a gnome 15 garter snakes 3 geckos 2 jackals a fox 2 goblins 3 sewer rats 9 grid bugs 2 bats 7 lichens 3 kobold zombies a newt 100 creatures vanquished. Voluntary challenges: You followed a strict vegan diet. You were an atheist. You used a wielded weapon 144 times, starting on turn 2. You read items or engraved 8 times, starting on turn 9. You never genocided any monsters. You never polymorphed an object. You never changed form. You used 6 wishes, starting on turn 7. You did not wish for any artifacts. You never split a pudding. You never wrote Elbereth's name. You violated your moral code, losing 40 points of alignment, starting on turn 2985. Dungeon overview: The Dungeons of Doom: levels 1 to 6 Level 1 some fountains, a sink a long staircase Level 2 a general store a long staircase Level 3 a fountain Level 4 Level 5 many fountains Level 6 <- You were here stairs to Sokoban Sokoban: levels 4 to 5 Level 4 Level 5 stairs to The Dungeons of Doom History has recorded: On T:1 you entered the Dungeons of Doom to retrieve the Amulet of Yendor! On T:7 you wished for "blessed 2 scrolls of charging". On T:8 you wished for "2 blessed wand of wishing". On T:10 you wished for "blessed greased +2 grey dragon scale mail". On T:29 you wished for "2 blessed potions of gain ability". On T:32 you wished for "2 blessed potions of gain level". On T:33 you advanced to experience level 2. On T:34 you advanced to experience level 3. On T:35 you wished for "2 blessed potions of gain ability". On T:136 you reached level 2 of The Dungeons of Doom. On T:223 you advanced to experience level 4. On T:1171 you reached level 3 of The Dungeons of Doom. On T:1765 you advanced to experience level 5. On T:1895 you reached level 4 of The Dungeons of Doom. On T:2182 you reached level 5 of The Dungeons of Doom. On T:2454 you reached level 6 of The Dungeons of Doom. On T:2659 you advanced to experience level 6. On T:2853 you reached level 4 of Sokoban. On T:3242 you reached level 3 of Sokoban. Score breakdown: Gold: 304 ( 8450 points) Experience: 6 levels (12456 points) Exploration: 6 levels ( 11.32%) ( 9302 points) Discoveries: 11 items ( 3.69%) ( 5763 points) Valuables value: (no points given unless you survive) Artifact value: 0 ( 0 points) Variety of kills: 38 monsters ( 9.97%) ( 9474 points) Turncount: 4144 turns (-1077 points) Survival: died (score multiplied by 80%) Total score: 35494 Latest messages: With great effort you move the boulder. You try to move the boulder, but in vain. (4x) With great effort you move the boulder. Never mind. You start equipping your pair of jackboots. You are now wearing a pair of jackboots. That is a silly thing to equip. You are now wielding your runed dagger. This tastes like slime mold juice. (You can name a brown potion from the item naming menu.) This tastes like water. You suddenly fall asleep! It hits! (2x) You die... Final status: Goodbye Braden Bonner the Ranger, killed by a Woodland-elf, while sleeping... You died in The Dungeons of Doom on dungeon level 6 with 35494 points, and 304 pieces of gold, after 4144 moves. You were level 6 with a maximum of 50 hit points when you died.